AoeStats
← VX | El Venenudo

Arena

506330091Analyzed
4v4 RM · 20d ago on Sep 13, 2026· 57m 31s· 8 players
Game mode
Random Map
Map size
Large (8 player)
Population
200
Speed
Normal
Resources
Standard
Victory
Conquest
Starting age
Dark Age
Ending age
Imperial Age
RankedLock teamsTeams togetherTeam positionsShared explorationLock speedFull tech treeHidden civsTurbo modeCheats
Victory
Defeat
🇦🇷 Saracens · Argentina
1655
+7
🇦🇷 Poles · Argentina
1516
+12
🇺🇸 Huns · United States
1474
+13
🇨🇱 Persians · Chile
1322
+19
🇲🇽 Huns · Mexico
1437
-13
🇱🇰 Khmer · Sri Lanka
1435
-13
🇨🇳 Hindustanis · China
1427
-13
🇨🇳 Berbers · China
1393
-12
VX | El Venenudo
10:51 Feudal Age
14:35 Castle Age
15:23 Double-Bit Axe
16:42 Scale Barding Armor
16:51 Loom
19:25 Fletching
22:28 Bodkin Arrow
23:06 Padded Archer Armor
23:54 Bow Saw
25:53 Wheelbarrow
25:09 Pikeman
26:13 Husbandry
26:24 Bloodlines
26:22 Gold Mining
28:53 Ballistics
29:17 Scale Mail Armor
28:38 Pikeman
29:19 Squires
30:06 Hand Cart
34:34 Imperial Age
32:51 Leather Archer Armor
34:38 Halberdier
37:15 Chain Mail Armor
37:54 Heavy Cavalry Archer
39:41 Bracer
41:17 Chemistry
42:10 Chain Barding Armor
45:20 Parthian Tactics
46:17 Town Watch
48:26 Light Cavalry
49:43 Plate Barding Armor
49:19 Forging
50:09 Conscription
51:47 Atheism
51:09 Hussar
53:38 Iron Casting
徽sir
迷路将军
10:23 Feudal Age
15:34 Castle Age
13:31 Double-Bit Axe
13:49 Gold Mining
14:11 Horse Collar
14:51 Forging
14:46 Scale Barding Armor
19:06 Loom
24:46 Husbandry
27:00 Wheelbarrow
27:03 Iron Casting
26:40 Bow Saw
27:07 Gold Shaft Mining
30:55 Imperial Age
31:02 Imperial Age
28:57 Bloodlines
28:55 Scale Barding Armor
28:46 Stone Mining
30:34 Chain Barding Armor
31:05 Heavy Camel Rider
32:24 Plate Barding Armor
33:10 Conscription
35:13 Two-Man Saw
33:59 Imperial Camel Rider
37:51 Blast Furnace
38:25 Chemistry
37:47 Light Cavalry
38:53 Heavy Plow
39:11 Hussar
40:44 Fletching
40:54 Padded Archer Armor
40:30 Elite Skirmisher
40:33 Elite Genitour
41:37 Ballistics
42:45 Grand Trunk Road
43:32 Hand Cart
43:54 Bodkin Arrow
44:15 Leather Archer Armor
44:12 Masonry
44:01 Elite Skirmisher
44:59 Bracer
45:16 Leather Archer Armor
50:11 Ring Archer Armor
49:41 Scale Mail Armor
54:59 Chain Mail Armor
54:52 Town Watch
PunchiMan
8:36 Feudal Age
7:28 Loom
9:21 Double-Bit Axe
12:12 Fletching
16:47 Horse Collar
24:19 Castle Age
25:36 Wheelbarrow
25:21 Heavy Plow
25:31 Bow Saw
27:23 Hand Cart
31:11 Stone Mining
31:11 Gold Mining
31:37 Bodkin Arrow
35:23 Imperial Age
34:30 Scale Barding Armor
34:35 Forging
36:15 Chain Barding Armor
36:36 Iron Casting
36:26 Husbandry
36:37 Bloodlines
38:51 Gold Shaft Mining
39:13 Plate Barding Armor
40:28 Elite Battle Elephant
42:05 Crop Rotation
43:23 Blast Furnace
43:54 Stone Shaft Mining
44:34 Light Cavalry
45:38 Hussar
46:25 Bracer
46:25 Padded Archer Armor
47:43 Chemistry
47:04 Ballistics
46:38 Elite Genitour
47:44 Parthian Tactics
48:18 Leather Archer Armor
49:49 Ring Archer Armor
49:03 Elite Skirmisher
52:05 Hussar
El_Gringo
11:07 Feudal Age
12:25 Double-Bit Axe
14:57 Castle Age
12:49 Horse Collar
16:28 Bow Saw
20:10 Heavy Plow
20:51 Loom
21:42 Wheelbarrow
21:33 Gold Mining
22:46 Scale Barding Armor
23:05 Forging
23:35 Husbandry
24:08 Bloodlines
24:21 Chain Barding Armor
25:30 Fletching
26:15 Iron Casting
26:05 Hand Cart
29:32 Imperial Age
27:15 Marauders
27:42 Fletching
27:43 Town Watch
30:48 Plate Barding Armor
30:41 Atheism
29:43 Elite Tarkan
31:22 Bodkin Arrow
32:29 Blast Furnace
33:30 Conscription
33:53 Bodkin Arrow
34:45 Gold Shaft Mining
34:42 Thumb Ring
34:09 Light Cavalry
35:12 Bracer
36:56 Two-Man Saw
35:58 Hussar
36:39 Padded Archer Armor
37:44 Chemistry
37:05 Ballistics
37:00 Heavy Cavalry Archer
38:56 Leather Archer Armor
39:07 Parthian Tactics
39:06 Guilds
40:44 Scale Mail Armor
41:14 Masonry
41:06 Capped Ram
41:58 Siege Ram
42:58 Chain Mail Armor
42:04 Pikeman
42:44 Squires
42:30 Arson
43:29 Halberdier
AiM | Pau
5:06 Loom
10:51 Feudal Age
12:51 Loom
17:16 Castle Age
21:42 Fletching
33:14 Double-Bit Axe
38:32 Horse Collar
39:57 Wheelbarrow
41:36 Pikeman
46:52 Imperial Age
45:32 Forging
45:23 Scale Mail Armor
45:41 Squires
45:27 Arson
46:16 Bloodlines
46:41 Heavy Plow
47:38 Chain Mail Armor
47:59 Iron Casting
47:07 Cavalier
47:48 Husbandry
48:42 Gold Mining
48:42 Stone Mining
50:05 Scale Barding Armor
51:23 Chain Barding Armor
52:04 Blast Furnace
55:31 Plate Barding Armor
56:01 Hand Cart
55:12 Savar
Cannoli
10:39 Feudal Age
14:35 Castle Age
13:24 Double-Bit Axe
13:35 Horse Collar
15:33 Bow Saw
15:59 Bow Saw
16:38 Bow Saw
21:31 Bow Saw
22:48 Scale Barding Armor
26:30 Chain Barding Armor
28:52 Wheelbarrow
30:00 Heavy Plow
31:18 Hand Cart
31:18 Town Watch
31:26 Gold Mining
31:59 Forging
32:12 Husbandry
33:08 Loom
33:24 Town Patrol
36:09 Imperial Age
33:25 Loom
34:38 Iron Casting
34:00 Stone Mining
34:45 Gold Shaft Mining
34:36 Bloodlines
36:18 Elite Mameluke
37:55 Plate Barding Armor
37:36 Fletching
38:46 Blast Furnace
38:10 Herbal Medicine
37:52 Crossbowman
39:12 Conscription
39:08 Thumb Ring
38:38 Arbalester
40:29 Chemistry
39:39 Bodkin Arrow
39:44 Padded Archer Armor
41:15 Two-Man Saw
40:24 Bracer
41:18 Leather Archer Armor
41:57 Ballistics
41:48 Masonry
43:04 Blast Furnace
42:16 Masonry
43:26 Hoardings
43:10 Elite Skirmisher
43:27 Light Cavalry
44:27 Siege Engineers
45:14 Ring Archer Armor
45:50 Counterweights
47:25 Parthian Tactics
47:13 Hussar
54:14 Parthian Tactics
57:37 Bimaristan
Naxxxel
Connection lost

Rejoining the realm…

Still unreachable

The connection could not be restored.

Session expired

The server has moved on; the page needs a fresh start.